 Dungeon Crawl Stone Soup version 0.28.0-43-g3370ac3207 (webtiles) character file.

Game seed: 11505769153863541646

154 Bruhh the Magician (level 5, -2/35 HPs)
             Began as a Merfolk Summoner on Mar 29, 2022.
             Slain by a black bear (5 damage)
             ... on level 4 of the Dungeon.
             The game lasted 00:11:36 (4754 turns).

Bruhh the Magician (Merfolk Summoner)               Turns: 4754, Time: 00:11:36

Health: -2/35      AC:  3    Str:  8    XL:     5   Next: 36%
Magic:  3/12       EV: 27    Int: 17    God:
Gold:   96         SH:  0    Dex: 14    Spells: 8/14 levels left

rFire   . . .      SeeInvis .   n - +1 dagger (speed)
rCold   . . .      Faith    .   (no shield)
rNeg    . . .      Spirit   .   a - +0 robe
rPois   .          Reflect  .   e - +0 helmet
rElec   .          Harm     .   (no cloak)
rCorr   .          Rampage  .   (no gloves)
Will    .....                   (no boots)
Stlth   ++........              k - amulet of the acrobat
HPRegen 0.11/turn               b - ring of wizardry
MPRegen 0.13/turn               (no ring)

@: acrobatic
A: (nimble swimmer 2), mertail
a: no special abilities


You were on level 4 of the Dungeon.
You visited 1 branch of the dungeon, and saw 4 of its levels.

You collected 96 gold pieces.

Inventory:

Hand Weapons
 m - a +0 dagger
 n - a +1 dagger of speed (weapon)
Armour
 a - a +0 robe (worn)
 c - a +2 ring mail of poison resistance
 e - a +0 helmet (worn)
Jewellery
 b - a ring of wizardry (left hand)
 k - an amulet of the acrobat (around neck)
Scrolls
 f - a scroll of amnesia {unknown}
 h - a scroll of enchant armour {unknown}
 i - 2 scrolls of teleportation {unknown}
 j - a scroll of enchant weapon {unknown}
 l - a scroll of blinking {unknown}
 o - a scroll of vulnerability {unknown}
Potions
 d - a potion of invisibility {unknown}
 g - a potion of curing {unknown}


   Skills:
 - Level 2.6 Dodging
 - Level 2.1 Stealth
 + Level 5.0 Spellcasting
 - Level 4.0 Summonings


You had 8 spell levels left.
You knew the following spells:

 Your Spells              Type           Power      Damage    Failure   Level
a - Summon Small Mammal   Summ           68%        N/A       1%          1
b - Call Imp              Summ           17%        N/A       1%          2
c - Call Canine Familiar  Summ           17%        N/A       3%          3

Your spell library contained the following spells:

 Spells                   Type           Power      Damage    Failure   Level
 Animate Skeleton         Necr           8%         N/A       6%          1
 Apportation              Tloc           8%         N/A       6%          1
 Summon Guardian Golem    Hex/Summ       11%        N/A       8%          3
 Summon Lightning Spire   Summ/Air       11%        N/A       24%         4


Dungeon Overview and Level Annotations

Branches:
Dungeon (4/15)
 Temple: D:4-7

Altars:
Cheibriados
Nemelex Xobeh
Sif Muna


Innate Abilities, Weirdness & Mutations

((You are very nimble when in or above water. (Stealth+, EV+, Speed+++)))
Your lower body shifts to a powerful aquatic tail in water.


Message History

There is a stone staircase leading up here.
The black bear misses something. x2; The black bear claws something.
The black bear bites something!
The black bear barely misses something.
The black bear claws something.
Casting: Call Canine Familiar (dangerous; 3% risk of failure)
Confirm with . or Enter, or press ? or * to list all spells.
A metallic apparition takes form in the air.
The black bear bites something.
The black bear closely misses something.
The black bear claws something but does no damage.
Casting: Call Imp (safe; 1% risk of failure)
Confirm with . or Enter, or press ? or * to list all spells.
You don't know that spell.
The black bear barely misses something.
The black bear claws something.
You swap places.
You hear the quick rusting of a very distant drain.
Your iron imp barely misses the black bear.
Your iron imp hits the black bear.
Casting: Call Imp (safe; 1% risk of failure)
Confirm with . or Enter, or press ? or * to list all spells.
You don't have enough magic to cast this spell.
Casting: Call Imp (safe; 1% risk of failure)
Confirm with . or Enter, or press ? or * to list all spells.
You don't know that spell.
The black bear goes berserk!
The black bear rages.
The black bear misses you. The black bear closely misses you.
The black bear completely misses you.
There is a stone staircase leading up here.
The black bear rages.
The black bear bites you!
* * * LOW HITPOINT WARNING * * *
The black bear completely misses you. The black bear misses you.
Found a stone staircase leading up.
The black bear completely misses you. The black bear misses you.
The black bear barely misses you.
The black bear rages.
The black bear bites you.
* * * LOW HITPOINT WARNING * * *
The black bear closely misses you. The black bear claws you.
You die...

.......##.##...........#
#.##.._.
..........##...........#
#..#####
.......#####....#......#
####
....##.......####......#
.......#####......######
..#.#### #.###### ..#.#
#.# ..#.# ####.#######
....# #..5...h@..#
.[..#####.##............
.......##.##..#.##....#.
...#..5.5..#.........<..
.....#.##..##.#.##......
<...##.##..##..... ..###
....##.##.......... ..
..####.##...####### ###
.... ..##...#


You could see a black bear (berserk, ally target) and a friendly iron imp
(summoned).

Vanquished Creatures
  2 ball pythons (D:1)
  A bat (D:2)
  A goblin (D:2)
  2 hobgoblins (D:3)
  A kobold (D:3)
  A quokka (D:2)
  A frilled lizard (D:2)
  2 rats (D:1)
11 creatures vanquished.

Vanquished Creatures (collateral kills)
  A killer bee zombie (D:4)
  A mummy (D:4)
  A howler monkey skeleton (D:3)
  5 adders
  3 dart slugs
  5 ball pythons
  2 endoplasms
  5 giant cockroaches
  6 goblins
  4 hobgoblins
  3 jackals (D:2)
  7 bats
  2 frilled lizards (D:2)
  3 kobolds
  A rat (D:1)
49 creatures vanquished.

Grand Total: 60 creatures vanquished

Notes
Turn   | Place    | Note
-------+----------+-------------------------------------------
     0 | D:1      | Bruhh the Merfolk Summoner began the quest for the Orb.
     0 | D:1      | Reached XP level 1. HP: 13/13 MP: 3/3
   344 | D:1      | Reached XP level 2. HP: 19/19 MP: 2/5
   980 | D:1      | Reached skill level 3 in Spellcasting
  1595 | D:2      | Reached XP level 3. HP: 15/24 MP: 5/7
  1810 | D:2      | Found a faded altar of an unknown god.
  2302 | D:2      | Learned a level 2 spell: Call Imp
  2692 | D:2      | Reached XP level 4. HP: 30/30 MP: 5/9
  2740 | D:2      | Reached skill level 4 in Spellcasting
  3277 | D:3      | Found a sparkling altar of Nemelex Xobeh.
  3280 | D:3      | Found a shimmering blue altar of Sif Muna.
  3505 | D:3      | Learned a level 3 spell: Call Canine Familiar
  4106 | D:3      | Reached XP level 5. HP: 35/35 MP: 7/12
  4351 | D:4      | Found a snail-covered altar of Cheibriados.
  4460 | D:4      | Reached skill level 5 in Spellcasting
  4699 | D:4      | Noticed a black bear
  4754 | D:4      | Slain by a black bear

Illustrated notes

Levels and vault maps discovered:
D:1:      beargit_arrival_diablo_church, layout_basic
D:2:      layout_basic, nicolae_ecumenical_lake_church, minivault_4
D:3:      layout_basic, nicolae_overflow_squiral
D:4:      layout_loops_cross, slow_altar_2, mainiacjoe_overflow_tiny_flanked,
          serial_shops, shop, cheibrodos_sewer_entry_bend, uniq_menkaure

Skill      XL: |  1  2  3  4  5 |
---------------+----------------+-----
Spellcasting   | 3 4 5 |  5.0
Dodging        | |  2.6
Stealth        | |  2.1
Summonings     | |  4.0

Action                   |  1- 3 |  4- 6 || total
-------------------------+-------+-------++-------
Melee: Unarmed           |   115 |    82 ||   197
       Punch             |     2 |     1 ||     3
       Dagger            |       |     4 ||     4
 Cast: Summon Small Mamm |    39 |     8 ||    47
       Call Imp          |     6 |    17 ||    23
       Call Canine Famil |       |    13 ||    13
  Use: Potion            |     1 |       ||     1
 Stab: Sleeping          |     1 |     1 ||     2
Armor: Robe              |    31 |    28 ||    59
Dodge: Dodged            |    99 |    93 ||   192
